[Event "Titled Tuesday Blitz August 23 Late 2022"]
[White "Vasquez Schroeder, Rodrigo"]
[Black "Pinheiro, Iung Alicio de O."]
[WhiteFideId "3400042"]
[BlackFideId "2104350"]
[WhiteElo "2567"]
[BlackElo "2283"]
[Result "1-0"]
[Round "06"]
[TimeControl "180+1"]
[Date "2022.08.23"]
[WhiteClock "0:01:12"]
[BlackClock "0:00:24"]

1. e4 c5 2. Nf3 Nc6 3. d4 cxd4 4. Nxd4 e5 5. Nb3 Nf6 6. Bg5 h6 7. Bxf6 Qxf6 8. Bc4 Bb4+ 9. c3 Be7 10. O-O d6 11. a4 O-O 12. Na3 Qg6 13. Qe2 Bg4 14. f3 Be6 15. Rad1 a6 16. Bd5 Rac8 17. Nc4 Rfd8 18. Nb6 Rc7 19. a5 Kh8 20. Kh1 Rf8 21. g4 Rd8 22. Ra1 Bh4 23. Nd2 Qf6 24. Ndc4 Ne7 25. Rad1 Ng6 26. Bxe6 Nf4 27. Qc2 fxe6 28. Rxd6 Rxd6 29. Nxd6 Qe7 30. Rd1 Kh7 31. Qd2 Rc5 32. b4 Rc7 33. c4 Bg5 34. Qc2 Qf8 35. c5 Ng6 36. Qf2 Bh4 37. Qe2 Nf4 38. Qe3 Nh3 39. Rf1 Bg5 40. Qe2 Nf4 41. Qb2 Bf6 42. Nbc4 Ng6 43. Ne3 Rd7 44. Ng2 Be7 45. Nc4 Rd3 46. Ne1 Re3 47. Nxe3 1-0


[Site "https://www.chess.com"]

[Event "Titled Tuesday Blitz August 23 Late 2022"]
[White "Vovk, Orest"]
[Black "Fawzy, Adham"]
[WhiteFideId "14113490"]
[BlackFideId "10613129"]
[WhiteElo "2203"]
[BlackElo "2541"]
[Result "0-1"]
[Round "06"]
[TimeControl "180+1"]
[Date "2022.08.23"]
[WhiteClock "0:00:01"]
[BlackClock "0:00:26"]

1. h4 c5 2. h5 Nc6 3. g4 d5 4. g5 h6 5. g6 fxg6 6. hxg6 Bf5 7. c4 dxc4 8. Bg2 Nb4 9. Bxb7 Rb8 10. Bg2 Qd6 11. Na3 Qxg6 12. Qa4+ Kf7 13. Kf1 Be4 14. Nf3 Qe6 15. Rh5 g5 16. Qxa7 Rc8 17. Bh3 Bf5 18. Bxf5 Qxf5 19. Nxg5+ Kg6 20. e4 Qg4 0-1


[Site "https://www.chess.com"]

[Event "Titled Tuesday Blitz August 23 Late 2022"]
[White "Wirig, Anthony"]
[Black "Nasuta, Grzegorz"]
[WhiteFideId "615013"]
[BlackFideId "1141686"]
[WhiteElo "2474"]
[BlackElo "2354"]
[Result "1-0"]
[Round "06"]
[TimeControl "180+1"]
[Date "2022.08.23"]
[WhiteClock "0:00:15"]
[BlackClock "0:00:01"]

1. d4 d5 2. Nf3 Nf6 3. c4 c6 4. Qc2 dxc4 5. e4 b5 6. b3 cxb3 7. axb3 e6 8. Bd2 a5 9. Bd3 Bb7 10. O-O Be7 11. Nc3 Na6 12. e5 Nb4 13. exf6 Nxc2 14. fxe7 Qxe7 15. Bxc2 O-O 16. Ne4 c5 17. dxc5 f5 18. Nd6 Bxf3 19. gxf3 Qc7 20. b4 axb4 21. Bxb4 Qc6 22. Kg2 Rf6 23. Rxa8+ Qxa8 24. Bd1 Rg6+ 25. Kh1 Rg4 26. Bc3 b4 27. Be5 b3 28. h3 Ra4 29. Bxb3 Qxf3+ 30. Kh2 Qxb3 31. Rc1 Qd5 32. Bg3 f4 33. Bh4 Ra6 34. Nc8 Kf7 35. Nb6 Qd2 36. Rg1 h6 37. Nc4 1-0


[Site "https://www.chess.com"]

[Event "Titled Tuesday Blitz August 23 Late 2022"]
[White "Aghasiyev, Kamal"]
[Black "Hansen, Eric"]
[WhiteFideId "13402854"]
[BlackFideId "2606771"]
[WhiteElo "2210"]
[BlackElo "2568"]
[Result "1-0"]
[Round "07"]
[TimeControl "180+1"]
[Date "2022.08.23"]
[WhiteClock "0:00:34"]
[BlackClock "0:00:01"]

1. d4 Nf6 2. c4 e6 3. Nf3 Bb4+ 4. Bd2 Be7 5. g3 d5 6. Qc2 Nbd7 7. Bg2 O-O 8. O-O c6 9. Bg5 h6 10. Bxf6 Nxf6 11. Nbd2 b6 12. Ne5 Bb7 13. Rfd1 Rc8 14. Qa4 a6 15. Qb3 a5 16. Rac1 Ba6 17. cxd5 cxd5 18. Nc6 Qc7 19. e4 dxe4 20. Nxe4 Nd5 21. Bf1 Bxf1 22. Rxf1 Qd7 23. Nxe7+ Qxe7 24. Nc3 Nxc3 25. Rxc3 Qd6 26. Rfc1 Rxc3 27. bxc3 Rc8 28. a4 Rc6 29. Qb5 g6 30. c4 Rc8 31. c5 Qxd4 32. c6 Qd2 33. Rc4 Qd1+ 34. Kg2 Qd5+ 35. Kg1 h5 36. h4 Kf8 37. Qa6 Rc7 38. Qxb6 Qd6 39. Rd4 Qe5 40. Rd7 Qe1+ 41. Kh2 Rxc6 42. Qxc6 1-0


[Site "https://www.chess.com"]

[Event "Titled Tuesday Blitz August 23 Late 2022"]
[White "Andreikin, Dmitry"]
[Black "Ohanyan, Emin"]
[WhiteFideId "4158814"]
[BlackFideId "13312022"]
[WhiteElo "2736"]
[BlackElo "1927"]
[Result "1-0"]
[Round "07"]
[TimeControl "180+1"]
[Date "2022.08.23"]
[WhiteClock "0:00:49"]
[BlackClock "0:00:04"]

1. Nf3 d5 2. g3 g6 3. Bg2 Bg7 4. d4 Nf6 5. O-O O-O 6. c3 a5 7. Re1 Nbd7 8. Nbd2 c5 9. Ne5 cxd4 10. cxd4 Nxe5 11. dxe5 Ne4 12. Nxe4 dxe4 13. Bf4 Qb6 14. Qb3 Qxb3 15. axb3 Bf5 16. Ra4 b5 17. Rd4 a4 18. Bxe4 Bxe4 19. Rxe4 axb3 20. Rb4 h6 21. Rxb3 g5 22. Be3 Rfb8 23. f4 Ra4 24. Kf2 f6 25. exf6 Bxf6 26. fxg5 hxg5 27. Rd1 Kf7 28. Rd5 b4 29. Kf3 Ke6 30. Rc5 Ra2 31. Rc6+ Kf7 32. Rc2 Ra1 33. Rc4 Rf1+ 34. Kg2 Re1 35. Kf2 Rh1 36. Kg2 Re1 37. Kf3 Rh1 38. Rcxb4 Rxb4 39. Rxb4 Rxh2 40. b3 Kg6 41. Rc4 Rh1 42. b4 Rb1 43. g4 Rb3 44. Ke4 Kf7 45. Bd2 Ke6 46. e3 Rb2 47. Kd3 Rb3+ 48. Kc2 Rb2+ 49. Kc1 Rb3 50. Kc2 Rb2+ 51. Kd3 Rb3+ 52. Ke2 Rb2 53. Rc5 Be5 54. Kd3 Bd6 55. Rb5 Rb3+ 56. Bc3 Rb1 57. Rxg5 Bxb4 58. Rb5 Rd1+ 59. Ke2 Bxc3 60. Kxd1 Kf6 61. Ke2 Kg6 62. Kf3 Bf6 63. Ke4 e6 64. Rb6 Kf7 65. Ra6 Bg7 66. g5 Bc3 67. Kf4 Bg7 68. Ra7+ Kg6 69. Rxg7+ Kxg7 70. Ke5 Kf7 71. Kd6 1-0


[Site "https://www.chess.com"]

[Event "Titled Tuesday Blitz August 23 Late 2022"]
[White "Bacrot, Etienne"]
[Black "Lewicki, Miroslaw"]
[WhiteFideId "605506"]
[BlackFideId "1113380"]
[WhiteElo "2673"]
[BlackElo "2204"]
[Result "1-0"]
[Round "07"]
[TimeControl "180+1"]
[Date "2022.08.23"]
[WhiteClock "0:00:07"]
[BlackClock "0:00:02"]

1. e4 c5 2. Nf3 d6 3. Bb5+ Bd7 4. Bxd7+ Qxd7 5. O-O g6 6. c3 Bg7 7. d4 Nf6 8. Re1 O-O 9. Bg5 cxd4 10. cxd4 Nc6 11. Nc3 h6 12. Bf4 g5 13. Be3 Ng4 14. Bc1 f5 15. h3 fxe4 16. Nxe4 Nf6 17. Ng3 d5 18. Bd2 e6 19. Bc3 Qf7 20. Qd3 Nd7 21. Re2 Rae8 22. Rae1 Nb6 23. b3 Nc8 24. Bb2 Kh8 25. Ba3 Rg8 26. Re3 Bf8 27. Bb2 Bb4 28. R1e2 Bd6 29. Ne5 Bxe5 30. dxe5 Qh7 31. Qd1 Qg6 32. Rf3 Rgf8 33. Rf6 Rxf6 34. exf6 e5 35. Qxd5 Qxf6 36. Ne4 Qd8 37. Qxd8 Rxd8 38. Nc5 b6 39. Ne4 Rd1+ 40. Kh2 Kg8 41. Kg3 Kf7 42. Kg4 Kg6 43. Kg3 h5 44. Nd2 N8e7 45. Nc4 Nf5+ 46. Kh2 e4 47. Rxe4 Nce7 48. Re6+ Kf7 49. Rf6+ Ke8 50. Re6 Kf7 51. Rf6+ Ke8 52. Be5 Rf1 53. f3 Rf2 54. a4 a6 55. Nd6+ Kd7 56. Nxf5 Nxf5 57. Rxf5 1-0


[Site "https://www.chess.com"]

[Event "Titled Tuesday Blitz August 23 Late 2022"]
[White "Carlsen, Magnus"]
[Black "Bluebaum, Matthias"]
[WhiteFideId "1503014"]
[BlackFideId "24651516"]
[WhiteElo "2830"]
[BlackElo "2603"]
[Result "1-0"]
[Round "07"]
[TimeControl "180+1"]
[Date "2022.08.23"]
[WhiteClock "0:00:52"]
[BlackClock "0:00:03"]

1. b4 e5 2. Bb2 Bxb4 3. Bxe5 Nf6 4. c3 Ba5 5. g3 O-O 6. Bxf6 Qxf6 7. Bg2 Rd8 8. e3 d5 9. Ne2 c6 10. O-O Bf5 11. d4 Nd7 12. Nd2 Bd3 13. Rc1 Ba6 14. Re1 Re8 15. Nf4 Qd8 16. e4 dxe4 17. Nxe4 Bc7 18. Nd3 Bc4 19. Qd2 Nf6 20. Nxf6+ Qxf6 21. Nc5 b6 22. Rxe8+ Rxe8 23. Re1 Rxe1+ 24. Qxe1 Qd8 25. Nb3 Bd5 26. Bxd5 cxd5 27. Qe2 Qd7 28. Qa6 Bd6 29. Nd2 g6 30. Nf1 Qc7 31. Qd3 Qc4 32. Qd2 Qb5 33. Qc2 Kg7 34. Ne3 a5 35. a4 Qc6 36. Qb3 Qc8 37. Qxb6 Bf8 38. Qxa5 Qb8 39. Qxd5 Qb1+ 40. Kg2 Qa1 41. Qe5+ Kg8 42. Nd5 Bg7 43. Ne7+ Kf8 44. Qd6 Qxa4 45. Nxg6+ Kg8 46. Qd8+ Bf8 47. Qxf8# 1-0


[Site "https://www.chess.com"]

[Event "Titled Tuesday Blitz August 23 Late 2022"]
[White "Chigaev, Maksim"]
[Black "Theodorou, Nikolas"]
[WhiteFideId "4108116"]
[BlackFideId "4262875"]
[WhiteElo "2487"]
[BlackElo "2484"]
[Result "1-0"]
[Round "07"]
[TimeControl "180+1"]
[Date "2022.08.23"]
[WhiteClock "0:00:07"]
[BlackClock "0:00:08"]

1. e4 c5 2. Nf3 Nc6 3. Bb5 e6 4. c3 Nge7 5. d4 cxd4 6. cxd4 d5 7. e5 Bd7 8. Nc3 Rc8 9. O-O Nf5 10. g3 Qb6 11. Bxc6 Bxc6 12. g4 Ne7 13. h4 h5 14. gxh5 Rxh5 15. Ne2 Bb5 16. Ng3 Bxf1 17. Nxh5 Bh3 18. Ng5 Bf5 19. Ng3 Bc2 20. Qf3 Nf5 21. Be3 Be7 22. Rc1 Kd7 23. Rxc2 Nxh4 24. Qxf7 Rxc2 25. Nh7 Qd8 26. Qxg7 Kc6 27. Nf6 Qf8 28. Qg4 Nf5 29. Nxf5 Bxf6 30. exf6 exf5 31. Qg7 Qe8 32. f7 Qe4 33. f8=Q f4 34. Qff6+ Kb5 35. Qxf4 Kc4 36. Qxe4 dxe4 37. Qc7+ Kd3 38. Qxc2+ Kxc2 39. d5 Kd3 40. d6 Ke2 41. d7 b5 42. d8=Q 1-0


[Site "https://www.chess.com"]

[Event "Titled Tuesday Blitz August 23 Late 2022"]
[White "Cruz, Cristhian"]
[Black "Tari, Aryan"]
[WhiteFideId "3801969"]
[BlackFideId "1510045"]
[WhiteElo "2497"]
[BlackElo "2612"]
[Result "1-0"]
[Round "07"]
[TimeControl "180+1"]
[Date "2022.08.23"]
[WhiteClock "0:00:14"]
[BlackClock "0:00:03"]

1. d4 d5 2. c4 e6 3. Nc3 c5 4. cxd5 cxd4 5. Qxd4 Nc6 6. Qd1 exd5 7. Qxd5 Bd6 8. Nf3 Nf6 9. Qd1 O-O 10. e3 Qe7 11. Be2 Rd8 12. Qa4 Bd7 13. Qh4 Ne5 14. Nxe5 Bxe5 15. O-O Rac8 16. Bd2 Bf5 17. Be1 a6 18. a3 b5 19. h3 h6 20. Rd1 Bb8 21. Rxd8+ Rxd8 22. Bf3 Qe5 23. g3 Qe6 24. Kg2 Be5 25. e4 Bh7 26. Nd5 Rc8 27. Bc3 Rc4 28. Bxe5 Qxe5 29. Nxf6+ Qxf6 30. Qxf6 gxf6 31. Rd1 Bxe4 32. Bxe4 Rxe4 33. Rd6 a5 34. Rb6 b4 35. axb4 axb4 36. Rxf6 Kg7 37. Rf4 Rxf4 38. gxf4 Kf6 39. Kf3 Kg6 40. Ke4 Kh5 41. Kf5 Kh4 42. Kf6 Kxh3 43. Kxf7 Kg4 44. Kg6 h5 45. f5 h4 46. f6 h3 47. f7 h2 48. f8=Q h1=Q 49. Qf5+ Kh4 50. Qg5+ Kh3 51. Qg3# 1-0


[Site "https://www.chess.com"]

[Event "Titled Tuesday Blitz August 23 Late 2022"]
[White "Czopor, Maciej"]
[Black "Zhigalko, Sergei"]
[WhiteFideId "21805431"]
[BlackFideId "13502956"]
[WhiteElo "1924"]
[BlackElo "2662"]
[Result "0-1"]
[Round "07"]
[TimeControl "180+1"]
[Date "2022.08.23"]
[WhiteClock "0:00:14"]
[BlackClock "0:00:05"]

1. c4 e5 2. Nc3 Nf6 3. e3 Nc6 4. a3 g6 5. Nf3 Bg7 6. d3 O-O 7. Be2 d5 8. cxd5 Nxd5 9. Bd2 Be6 10. O-O Qe7 11. Rc1 Rad8 12. Ne4 h6 13. b4 a6 14. Nc5 Bc8 15. Nxa6 e4 16. dxe4 Nc3 17. Qe1 Nxe2+ 18. Qxe2 Bg4 19. Nc5 Ne5 20. Bc3 Nxf3+ 21. gxf3 Bh3 22. Kh1 Bxc3 23. Rxc3 Bxf1 24. Qxf1 Qf6 25. Rc1 Qxf3+ 26. Kg1 b6 27. Nb3 Qg4+ 28. Kh1 Qxe4+ 29. Qg2 Qd3 30. Nd4 Qxa3 31. Rc6 Qa1+ 32. Qg1 Qxg1+ 33. Kxg1 Rd7 34. h4 h5 35. Kg2 Ra8 36. b5 Ra4 37. Kf3 Kf8 38. Ke4 Ra2 39. Kf3 Ra3 40. Ke4 Ra2 41. Kf3 Ke8 42. Rc4 Ra5 43. Rc6 Ra3 44. Ke4 Ra2 45. Kf3 Kd8 46. Rc4 Kc8 47. Rc3 Rd6 48. Kg3 Rb2 49. Rc4 Rxd4 50. Rxd4 Rxb5 51. Rf4 f5 52. f3 Re5 53. Rc4 b5 54. Rc6 Rxe3 55. Rxg6 b4 56. Kf4 Rc3 57. Rg1 b3 58. Kxf5 Rxf3+ 59. Kg5 c5 60. Kxh5 c4 61. Kg6 c3 62. h5 c2 63. h6 Rh3 64. Rc1 Kb7 65. h7 Kb6 66. Kg7 Kb5 67. h8=Q Rxh8 68. Kxh8 Kb4 69. Kg7 Kc3 70. Kf6 b2 0-1


[Site "https://www.chess.com"]

[Event "Titled Tuesday Blitz August 23 Late 2022"]
[White "Deac, Bogdan-Daniel"]
[Black "Lenderman, Aleksandr"]
[WhiteFideId "1226380"]
[BlackFideId "2021285"]
[WhiteElo "2648"]
[BlackElo "2607"]
[Result "1/2-1/2"]
[Round "07"]
[TimeControl "180+1"]
[Date "2022.08.23"]
[WhiteClock "0:00:38"]
[BlackClock "0:01:58"]

1. d4 e6 2. Nf3 Nf6 3. c4 a6 4. Nc3 d5 5. e3 dxc4 6. Bxc4 c5 7. O-O b5 8. Bb3 Bb7 9. e4 cxd4 10. Nxd4 Nc6 11. Nxc6 Qxd1 12. Rxd1 Bxc6 13. f3 Bc5+ 14. Kf1 O-O 15. Bf4 Rfc8 16. Rac1 Be7 17. Ne2 Bb7 18. g4 Rxc1 19. Nxc1 Rd8 20. Nd3 Nd7 21. Rc1 Rc8 22. Rxc8+ Bxc8 23. a4 bxa4 24. Bxa4 Nc5 25. Nxc5 Bxc5 26. Ke2 Kf8 27. Kd3 Ke7 28. h4 Bd7 29. Bxd7 Kxd7 30. Kc4 Kc6 31. Be5 g6 32. h5 Be7 33. b4 Bf8 1/2-1/2


[Site "https://www.chess.com"]

[Event "Titled Tuesday Blitz August 23 Late 2022"]
[White "Djordjevic, Vuk"]
[Black "Odegov, Artem"]
[WhiteFideId "902098"]
[BlackFideId "34183644"]
[WhiteElo "2456"]
[BlackElo "2286"]
[Result "1-0"]
[Round "07"]
[TimeControl "180+1"]
[Date "2022.08.23"]
[WhiteClock "0:00:36"]
[BlackClock "0:00:07"]

1. d4 Nf6 2. Bg5 g6 3. Bxf6 exf6 4. c4 Bg7 5. Nc3 f5 6. e3 O-O 7. g3 b6 8. Bg2 Nc6 9. Nf3 Bb7 10. O-O Ne7 11. Re1 d6 12. d5 Qd7 13. Qd2 Rfe8 14. e4 fxe4 15. Nxe4 Kh8 16. Nfg5 Ng8 17. Bh3 f5 18. Nc3 Re5 19. Nb5 Rae8 20. Rxe5 Rxe5 21. f4 Re8 22. Re1 Rxe1+ 23. Qxe1 a6 24. Qe6 Qxe6 25. dxe6 axb5 26. Nf7# 1-0


[Site "https://www.chess.com"]

[Event "Titled Tuesday Blitz August 23 Late 2022"]
[White "Fawzy, Adham"]
[Black "Nakamura, Hikaru"]
[WhiteFideId "10613129"]
[BlackFideId "2016192"]
[WhiteElo "2541"]
[BlackElo "2850"]
[Result "0-1"]
[Round "07"]
[TimeControl "180+1"]
[Date "2022.08.23"]
[WhiteClock "0:00:01"]
[BlackClock "0:01:16"]

1. e4 g6 2. c4 c5 3. Nc3 Bg7 4. g3 Nc6 5. Bg2 d6 6. Nge2 h5 7. h3 Nf6 8. d3 Nd7 9. Be3 Nd4 10. O-O Nb8 11. Rb1 Nbc6 12. a3 a5 13. Qd2 Bxh3 14. Nxd4 cxd4 15. Bxh3 dxe3 16. fxe3 e6 17. Nb5 O-O 18. Bg2 Qg5 19. Qe1 Ne5 20. Rd1 Ng4 21. Rf3 Rad8 22. d4 e5 23. d5 Bh6 24. Rd3 f5 25. Nc3 f4 26. Bh3 fxe3 27. Bxg4 Qxg4 28. Rfxe3 Bxe3+ 29. Qxe3 Rf6 30. c5 Qh3 31. Rd1 Rdf8 32. Qe2 Rf3 0-1


[Site "https://www.chess.com"]

[Event "Titled Tuesday Blitz August 23 Late 2022"]
[White "Hardaway, Brewington"]
[Black "Wirig, Anthony"]
[WhiteFideId "30941849"]
[BlackFideId "615013"]
[WhiteElo "1813"]
[BlackElo "2474"]
[Result "0-1"]
[Round "07"]
[TimeControl "180+1"]
[Date "2022.08.23"]
[WhiteClock "0:00:41"]
[BlackClock "0:00:14"]

1. e4 c5 2. Nf3 e6 3. d4 cxd4 4. Nxd4 Nf6 5. Nc3 Nc6 6. Ndb5 Bc5 7. Nd6+ Ke7 8. Nc4 d5 9. exd5 exd5 10. Na3 d4 11. Ne2 Ne4 12. Qd3 Bf5 13. Qf3 Bb4+ 14. c3 dxc3 15. bxc3 Ne5 16. Qxf5 Nd3+ 17. Kd1 Ndxf2+ 18. Kc2 Qd1+ 19. Kb1 Bxa3 20. Qe5+ Kf8 21. Qd4 Nd3 22. Qe3 Bxc1 23. a4 Bxe3+ 24. Ka2 Qc2+ 25. Ka3 Qb2# 0-1


[Site "https://www.chess.com"]

[Event "Titled Tuesday Blitz August 23 Late 2022"]
[White "Ibrahimli, Murad"]
[Black "Aldokhin, Ivan"]
[WhiteFideId "13410229"]
[BlackFideId "24115720"]
[WhiteElo "2109"]
[BlackElo "2246"]
[Result "1/2-1/2"]
[Round "07"]
[TimeControl "180+1"]
[Date "2022.08.23"]
[WhiteClock "0:00:06"]
[BlackClock "0:00:04"]

1. e4 c5 2. Nf3 e6 3. d4 cxd4 4. Nxd4 a6 5. Nc3 Qc7 6. Bd3 Nf6 7. O-O Bd6 8. h3 Nc6 9. Be3 Bf4 10. Qd2 Bxe3 11. Qxe3 d6 12. Rae1 O-O 13. Nxc6 bxc6 14. e5 dxe5 15. Qxe5 Qxe5 16. Rxe5 Rd8 17. Ra5 Nd5 18. Ne4 Nb4 19. Rd1 Nxd3 20. Rxd3 Rxd3 21. cxd3 Kf8 22. Kf1 Ke7 23. Ke2 Rb8 24. b3 Rb5 25. Ra4 f5 26. Nd2 Re5+ 27. Kd1 Rd5 28. Kc2 Re5 29. Kd1 Rd5 30. d4 c5 31. dxc5 Rxc5 32. Nc4 Bb7 33. f3 g5 34. Ke2 h5 35. Rb4 Bc6 36. Ke3 h4 37. a4 a5 38. Rb6 Bxa4 39. Kd4 Rd5+ 40. Kc3 Bb5 41. Nxa5 Bf1 42. Nc6+ Kd7 43. Nd4 Bxg2 44. Nxe6 f4 45. b4 Rd1 46. Nc5+ Kc7 47. Rg6 Bxf3 48. Rxg5 Be2 49. Rg7+ Kc6 50. Rf7 f3 51. Ne4 Rd3+ 52. Kc2 Rd4 53. Rf6+ Kd5 54. Nc3+ Ke5 55. Rf8 Rxb4 56. Kd2 Rb2+ 57. Ke3 Rb3 58. Kd2 Kd4 59. Rf4+ Kc5 60. Ne4+ Kd4 61. Nf2+ Ke5 62. Rxh4 Rb2+ 63. Ke3 Rb3+ 64. Kd2 Rb2+ 65. Kc3 Ra2 66. Kb3 Rd2 67. Kc3 Ra2 68. Kb3 Ra1 69. Re4+ Kf5 70. Re8 Rf1 71. Ng4 Kf4 72. Ne5 Rc1 73. Nxf3 Bxf3 74. Rd8 Kg3 75. Rd4 Kxh3 76. Kb4 Kg3 77. Rc4 Rd1 78. Rc3 Re1 79. Kc4 Re4+ 80. Kd5 Re3+ 81. Kd4 Re4+ 82. Kd5 Ra4+ 83. Kc5 Kf4 84. Rc4+ Rxc4+ 85. Kxc4 1/2-1/2


[Site "https://www.chess.com"]

[Event "Titled Tuesday Blitz August 23 Late 2022"]
[White "Jaskolka, Tomasz"]
[Black "Kowalski, Igor"]
[WhiteFideId "1170791"]
[BlackFideId "1172468"]
[WhiteElo "2073"]
[BlackElo "2376"]
[Result "0-1"]
[Round "07"]
[TimeControl "180+1"]
[Date "2022.08.23"]
[WhiteClock "0:00:21"]
[BlackClock "0:00:53"]

1. d4 g6 2. c4 Bg7 3. g3 c6 4. Bg2 d5 5. Nf3 Nf6 6. cxd5 cxd5 7. O-O O-O 8. Ne5 Ng4 9. e4 Nxe5 10. dxe5 dxe4 11. Bxe4 Qxd1 12. Rxd1 Bxe5 13. Nc3 Nc6 14. Be3 Be6 15. Rac1 Rac8 16. Nd5 Rfd8 17. Bg5 f6 18. Bh6 Kf7 19. b3 Nd4 20. Rxc8 Rxc8 21. Ne3 Ne2+ 22. Kh1 Nc3 23. Bxb7 Rc7 24. Bd5 Nxd1 25. Bxe6+ Kxe6 26. Nxd1 g5 27. f4 Rc1 28. fxe5 Rxd1+ 29. Kg2 Kxe5 30. Bf8 Ke6 31. h4 Kf7 32. Bh6 Kg6 33. hxg5 fxg5 34. Bf8 Rd2+ 35. Kf3 Rxa2 36. Bxe7 Rb2 37. b4 h5 38. Ke4 Rb3 39. g4 hxg4 40. Bd6 g3 41. Bc5 g2 42. Bxa7 Rb1 0-1


[Site "https://www.chess.com"]

[Event "Titled Tuesday Blitz August 23 Late 2022"]
[White "Jian, Alex"]
[Black "Leiva, Gianmarco"]
[WhiteFideId "30901022"]
[BlackFideId "3804399"]
[WhiteElo "2095"]
[BlackElo "2323"]
[Result "0-1"]
[Round "07"]
[TimeControl "180+1"]
[Date "2022.08.23"]
[WhiteClock "0:00:19"]
[BlackClock "0:01:54"]

1. Nf3 Nf6 2. b3 d5 3. Bb2 c5 4. e3 Nc6 5. Be2 g6 6. d4 Bg7 7. dxc5 Qa5+ 8. Nbd2 Qxc5 9. O-O O-O 10. c4 Rd8 11. a3 dxc4 12. Qc2 c3 13. Qxc3 Qxc3 14. Bxc3 Bf5 15. Nd4 Nd5 16. Bb2 Nxd4 17. exd4 Nf4 18. Bc4 Bxd4 19. Bxd4 Rxd4 20. Nf3 Rd6 21. Rfe1 Be6 22. Bxe6 Nxe6 23. Ne5 Rc8 24. Rac1 Rxc1 25. Rxc1 f6 26. Nc4 Rd3 27. Na5 Nd4 28. Kf1 b6 29. Nc6 Nxc6 30. Rxc6 Rxb3 31. Rc7 Rxa3 32. Rxe7 a5 33. Rb7 Rb3 34. Ke2 a4 35. Ra7 b5 0-1


[Site "https://www.chess.com"]

[Event "Titled Tuesday Blitz August 23 Late 2022"]
[White "Jones, Gawain C B"]
[Black "Diaz Perez, Michel Alejandro"]
[WhiteFideId "409561"]
[BlackFideId "3517179"]
[WhiteElo "2657"]
[BlackElo "2313"]
[Result "1-0"]
[Round "07"]
[TimeControl "180+1"]
[Date "2022.08.23"]
[WhiteClock "0:02:04"]
[BlackClock "0:01:12"]

1. d4 Nf6 2. Bg5 c5 3. Bxf6 gxf6 4. Nc3 cxd4 5. Qxd4 Nc6 6. Qh4 e6 7. O-O-O f5 8. Qxd8+ Kxd8 9. g3 a6 10. Bg2 Kc7 11. Nh3 b5 12. e3 Bb7 13. Ng5 Be7 14. h4 Raf8 15. Rd2 h6 16. Nh3 Rhg8 17. Nf4 Rd8 18. Rhd1 d5 19. Ncxd5+ exd5 20. Nxd5+ Kb8 21. Nxe7 Rxd2 22. Rxd2 Nxe7 23. Bxb7 Kc7 24. Bxa6 b4 25. Bb5 Kb6 26. Bc4 1-0


[Site "https://www.chess.com"]

[Event "Titled Tuesday Blitz August 23 Late 2022"]
[White "Kambrath, Yannick"]
[Black "Vasquez Schroeder, Rodrigo"]
[WhiteFideId "20632525"]
[BlackFideId "3400042"]
[WhiteElo "2236"]
[BlackElo "2567"]
[Result "0-1"]
[Round "07"]
[TimeControl "180+1"]
[Date "2022.08.23"]
[WhiteClock "0:00:01"]
[BlackClock "0:00:40"]

1. e4 c5 2. Nf3 d6 3. Bb5+ Bd7 4. Bxd7+ Qxd7 5. O-O Nc6 6. c3 Nf6 7. d4 cxd4 8. cxd4 d5 9. e5 Ng8 10. Nc3 e6 11. a3 Nge7 12. b4 Rc8 13. Qd3 Nf5 14. g4 Nfe7 15. Kg2 h5 16. h3 Ng6 17. Bg5 Be7 18. Bd2 hxg4 19. hxg4 Nh4+ 20. Nxh4 Rxh4 21. f3 Qc7 22. Rh1 Qb6 23. Rxh4 Bxh4 24. Rh1 Nxe5 25. Qe2 Ng6 26. Nxd5 Qxd4 27. Nf4 Rc2 28. Qb5+ Kd8 29. Kh3 Qf2 30. Qd3+ Ke8 31. Ne2 Rxd2 32. Qxd2 Qxf3+ 33. Kh2 Ne5 34. Rg1 Nxg4+ 35. Rxg4 Qxg4 36. Qd3 Bf6 37. Qb5+ Kf8 38. Ng1 Qf4+ 39. Kg2 Qe4+ 40. Nf3 g5 41. Qc5+ Kg7 42. Kg3 g4 43. Ng1 Be5+ 44. Kf2 Bd4+ 0-1


[Site "https://www.chess.com"]

[Event "Titled Tuesday Blitz August 23 Late 2022"]
[White "Kamsky, Gata"]
[Black "Naroditsky, Daniel"]
[WhiteFideId "2000024"]
[BlackFideId "2026961"]
[WhiteElo "2666"]
[BlackElo "2628"]
[Result "0-1"]
[Round "07"]
[TimeControl "180+1"]
[Date "2022.08.23"]
[WhiteClock "0:00:02"]
[BlackClock "0:00:05"]

1. d4 Nf6 2. Bf4 c5 3. e3 cxd4 4. exd4 Qb6 5. Na3 d6 6. Nc4 Qc7 7. Nf3 g6 8. h3 Bg7 9. Be2 O-O 10. O-O b6 11. Ne3 Bb7 12. c4 Nbd7 13. Rc1 e5 14. Bh2 Rfe8 15. b4 Rac8 16. dxe5 dxe5 17. Qe1 Qc6 18. Qd1 Rcd8 19. Qb3 Nh5 20. Rfd1 Nf4 21. Bf1 Bh6 22. Bxf4 Bxf4 23. c5 bxc5 24. bxc5 Nxc5 25. Rxc5 Qxc5 26. Rxd8 Rxd8 27. Qxb7 Bxe3 28. fxe3 Qxe3+ 29. Kh2 Qf4+ 30. g3 Qe3 31. Bg2 Kg7 32. Qe7 Rd3 33. h4 h6 34. h5 g5 35. Qxe5+ Qxe5 36. Nxe5 Ra3 37. Nc4 Rxa2 38. Nd6 a5 39. Nf5+ Kf8 40. g4 a4 41. Kg3 a3 42. Bd5 Rd2 43. Bc4 Rc2 44. Bd5 Rc3+ 45. Kf2 a2 46. Bxa2 Rc2+ 47. Kf3 Rxa2 48. Nxh6 Ra3+ 49. Ke4 Kg7 50. Nf5+ Kf6 51. Ne3 Ra4+ 52. Kf3 Ke5 0-1


[Site "https://www.chess.com"]

[Event "Titled Tuesday Blitz August 23 Late 2022"]
[White "Livaic, Leon"]
[Black "Petrovic, Aleksa"]
[WhiteFideId "14531534"]
[BlackFideId "967629"]
[WhiteElo "2540"]
[BlackElo "2262"]
[Result "1-0"]
[Round "07"]
[TimeControl "180+1"]
[Date "2022.08.23"]
[WhiteClock "0:01:05"]
[BlackClock "0:00:03"]

1. e4 e6 2. d3 c5 3. Nf3 Nc6 4. g3 g6 5. Bg2 Bg7 6. h4 h6 7. c3 d5 8. Nbd2 Nge7 9. O-O O-O 10. Re1 b6 11. e5 Ba6 12. Nf1 d4 13. c4 b5 14. b3 bxc4 15. bxc4 Rb8 16. Bf4 Kh7 17. N1h2 Qa5 18. Ng4 Ng8 19. Ng5+ Kh8 20. Bxc6 Ne7 21. Be4 hxg5 22. hxg5 Bb7 23. Bxb7 Rxb7 24. Kg2 Rfb8 25. Rh1+ Kg8 26. Nf6+ Kf8 27. Rh7 Nf5 28. g4 Ne7 29. Qh1 Ng8 30. Nxg8 Kxg8 31. Rxg7+ Kxg7 32. Qh6+ Kg8 33. Rh1 1-0


[Site "https://www.chess.com"]

[Event "Titled Tuesday Blitz August 23 Late 2022"]
[White "Makarian, Rudik"]
[Black "Suder, Jakub"]
[WhiteFideId "44105681"]
[BlackFideId "1195310"]
[WhiteElo "2403"]
[BlackElo "2095"]
[Result "1-0"]
[Round "07"]
[TimeControl "180+1"]
[Date "2022.08.23"]
[WhiteClock "0:00:19"]
[BlackClock "0:00:36"]

1. d3 d5 2. f4 Nf6 3. Nf3 c5 4. g3 Nc6 5. Bg2 g6 6. O-O Bg7 7. Nc3 O-O 8. e4 dxe4 9. dxe4 Bg4 10. Be3 Nd7 11. e5 h6 12. h3 Be6 13. Qe2 Qa5 14. Nh4 Nd4 15. Qf2 Nf5 16. Nxf5 gxf5 17. Rfd1 Rfd8 18. Nd5 Bf8 19. c4 Nb6 20. b3 Rac8 21. Kh2 Rd7 22. Rd2 Bxd5 23. cxd5 Qc3 24. Rad1 c4 25. g4 fxg4 26. Be4 cxb3 27. Rg1 bxa2 28. Rxg4+ Kh8 29. Qg2 Bg7 30. Rxg7 a1=Q 31. Rh7# 1-0


[Site "https://www.chess.com"]